 Dungeon Crawl Stone Soup version 0.27.1-4-g1640c2035a (webtiles) character file.

Game seed: 6750539985508325838

28383 pkoi the Grappler (level 13, 0/110 HPs)
             Began as a Troll Fighter on Nov 10, 2021.
             Was a High Priest of Nemelex Xobeh.
             Slain by a nine-headed hydra (1 damage)
             ... on level 6 of the Lair of Beasts.
             The game lasted 00:17:16 (10871 turns).

pkoi the Grappler (Troll Fighter)                  Turns: 10871, Time: 00:17:17

Health: 0/110      AC: 13    Str: 37    XL:     13   Next: 9%
Magic:  29/29      EV:  9    Int:  4    God:    Nemelex Xobeh [*****.]
Gold:   1039       SH: 13    Dex:  9    Spells: 12/12 levels left

rFire    + . .     SeeInvis .     - Unarmed
rCold    . . .     Faith    .   b - +0 kite shield
rNeg     . . .     Spirit   .   m - quicksilver dragon scales
rPois    +         Reflect  .   A - +1 hat {Will+}
rElec    +         Harm     .   q - +0 cloak
rCorr    .         Rampage  .   (gloves unavailable)
Will     ++...                  (boots unavailable)
Stlth    ..........             (no amulet)
HPRegen  1.28/turn              k - +6 ring of strength
MPRegen  0.21/turn              C - ring "Umav" {rElec rPois rF+ MP+9}

@: no status effects
A: large, unfitting armour, claws 3, regeneration 1, shaggy fur 1, tough skin 1
a: Renounce Religion, Draw Escape, Draw Destruction, Draw Summoning, Triple
Draw, Deal Four, Stack Five


You were on level 6 of the Lair of Beasts.
You worshipped Nemelex Xobeh.
Nemelex Xobeh was extremely pleased with you.
You visited 2 branches of the dungeon, and saw 14 of its levels.

You collected 1039 gold pieces.

Inventory:

Missiles
 x - 8 boomerangs (quivered)
 G - 11 poisoned darts
Armour
 b - a +0 kite shield (worn)
 m - quicksilver dragon scales (worn)
 q - a +0 cloak (worn)
 A - a +1 hat of willpower (worn)
Jewellery
 k - a +6 ring of strength (left claw)
 l - a ring of flight
 t - a ring of protection from cold
 u - a ring of magical power
 z - a ring of wizardry
 C - the ring "Umav" (right claw) {rElec rPois rF+ MP+9}
   (You acquired it on level 5 of the Lair of Beasts)

   [ring of protection from fire]

   rF:        It protects you from fire.
   rElec:     It insulates you from electricity.
   rPois:     It protects you from poison.
   MP:        It affects your magic capacity (+9).
Wands
 e - a wand of iceblast (20)
 f - a wand of digging (10)
 w - a wand of flame (52)
 y - a wand of acid (14)
 E - a wand of paralysis (7)
Scrolls
 a - a scroll of summoning
 d - 3 scrolls of teleportation
 h - 4 scrolls of identify
 o - a scroll of magic mapping
 v - a scroll of enchant weapon
 F - a scroll of fear
Potions
 c - a potion of might
 g - 2 potions of mutation {unknown}
 i - 5 potions of curing {unknown}
 j - 2 potions of cancellation
 n - 2 potions of flight {unknown}
 p - 2 potions of attraction
 r - 2 potions of berserk rage
 s - a potion of brilliance
 B - a potion of ambrosia
 D - 2 potions of lignification {unknown}
 H - a potion of heal wounds {unknown}


   Skills:
 - Level 2.4 Fighting
 - Level 2.4 Dodging
 + Level 11.2 Shields
 + Level 13.2 Unarmed Combat
 + Level 11.4 Invocations


You had 12 spell levels left.
You didn't know any spells.
Your spell library contained the following spells:

 Spells                   Type           Power      Damage    Failure   Level
 Beastly Appendage        Tmut           0%         N/A       61%         1
 Pain                     Necr           0%         1d4       61%         1
 Wereblood                Tmut           0%         N/A       75%         2
 Ozocubu's Armour         Ice            0%         N/A       93%         3
 Portal Projectile        Hex/Tloc       0%         N/A       93%         3
 Spider Form              Tmut/Pois      0%         N/A       93%         3
 Tukima's Dance           Hex            0%         N/A       93%         3
 Airstrike                Air            0%         N/A       100%        4
 Passage of Golubria      Tloc           N/A        N/A       100%        4
 Summon Lightning Spire   Summ/Air       0%         N/A       100%        4
 Agony                    Necr           0%         N/A       100%        5
 Blade Hands              Tmut           0%         N/A       100%        5
 Excruciating Wounds      Necr           0%         N/A       100%        5
 Freezing Cloud           Conj/Ice/Air   0%         6-21      100%        5
 Lightning Bolt           Conj/Air       0%         1d11      100%        5
 Metabolic Englaciation   Hex/Ice        0%         N/A       100%        5
 Yara's Violent Unravell  Hex/Tmut       0%         3d3       100%        5
 Dispersal                Tloc           0%         N/A       100%        6
 Simulacrum               Ice/Necr       0%         N/A       100%        6
 Ozocubu's Refrigeration  Ice            0%         4d5       100%        7
 Disjunction              Tloc           0%         N/A       100%        8
 Polar Vortex             Ice            0%         N/A       100%        9


Dungeon Overview and Level Annotations

Branches:
Dungeon (8/15)             Temple (0/1) D:6            Lair (6/6) D:8
  Swamp (0/4) Lair:4        Snake (0/4) Lair:2        Slime (0/5) Lair:5

Altars:
Ashenzari
Fedhas
Kikubaaqudgha
Nemelex Xobeh
Qazlal
Trog
Uskayaw
Wu Jian

Shops:
D:5 *   D:7 [


Innate Abilities, Weirdness & Mutations

You are too large for most types of armour.
You have claws for hands.
Your natural rate of healing is unusually fast.
You are covered in fur. (AC +1)
You have tough skin. (AC +1)


Message History

You rip one of the eight-headed hydra's heads off!
The seven-headed hydra grows two more!
You mangle the nine-headed hydra!!
The nine-headed hydra is almost dead.
The nine-headed hydra is no longer covered in acid.
The water moccasin bites you but does no damage.
The lindwurm closely misses your wind drake. x3
The basilisk barely misses you.
The nine-headed hydra bites you but does no damage.
The nine-headed hydra bites you!
The nine-headed hydra barely misses you.
The nine-headed hydra bites you!
* * * LOW HITPOINT WARNING * * *
The nine-headed hydra bites you!
* * * LOW HITPOINT WARNING * * *
The nine-headed hydra bites you but does no damage.
The nine-headed hydra completely misses you.
The nine-headed hydra bites you!
* * * LOW HITPOINT WARNING * * *
The nine-headed hydra bites you!
* * * LOW HITPOINT WARNING * * *
Your wind drake flaps its wings at the lindwurm.
The air twists around and strikes the lindwurm!!
The lindwurm closely misses your wind drake.
The lindwurm misses your wind drake.
The lindwurm completely misses your wind drake.
A yak comes into view.
The basilisk bites you!
* * * LOW HITPOINT WARNING * * *
The water moccasin bites you.
* * * LOW HITPOINT WARNING * * *
You block the nine-headed hydra's attack.
The nine-headed hydra bites you.
* * * LOW HITPOINT WARNING * * *
You block the nine-headed hydra's attack.
The nine-headed hydra bites you.
* * * LOW HITPOINT WARNING * * *
You block the nine-headed hydra's attack.
The nine-headed hydra bites you.
You die...
Your body glows with a rainbow of weird colours and disappears.

.. .... ..#
##.... ###..
..#.#
....#####.... #
#.k....#..# .#
##..k......#...
#...8Y..8......
#.....<@l......
#...8.DS8...#..
##......Y..#...
....#....#..# #
#....###.#....
#.... .....##..
..#. ..$ .# Y
.. ..##.. ....
..


You could see a nine-headed hydra, a lindwurm (catching breath, ally target), 2
yaks, a basilisk, a water moccasin, a friendly catoblepas (summoned) and a
friendly wind drake (summoned, repels missiles).

Vanquished Creatures
  Josephine (Lair:4)
  5 hydras
  2 bog bodies (Lair:4)
  3 black mambas
  A torpor snail (Lair:4)
  12 cane toads
  3 rime drakes
  7 komodo dragons
  A polar bear (Lair:3)
  2 hornets
  7 dream sheep
  13 blink frogs
  Sigmund (D:2)
  5 wraiths (Lair:4)
  A wyvern (Lair:5)
  A basilisk (Lair:2)
  A golden eye (Lair:4)
  25 yaks
  2 steam dragons
  3 nagas (Lair:2)
  An acid dragon (Lair:4)
  15 water moccasins
  3 ice beasts
  A sky beast (D:6)
  5 necrophages
  2 ogres
  A phantom (D:5)
  13 wolves
  A centaur (D:8)
  A kobold brigand (D:7)
  Blork the orc (D:4)
  7 bullfrogs
  3 scorpions
  A water moccasin zombie (D:5)
  4 wights (D:7)
  4 electric eels
  A bullfrog zombie (D:5)
  A centaur zombie (D:4)
  3 jellies
  3 orc priests
  Crazy Yiuf (D:3)
  3 iguanas
  7 orc wizards
  A hound zombie (D:5)
  A howler monkey zombie (D:8)
  Robin (D:3)
  12 gnolls
  10 adders
  3 white imps
  An ufetubus (D:4)
  2 dart slugs
  28 orcs
  5 endoplasms
  5 giant cockroaches
  38 goblins
  32 hobgoblins
  15 kobolds
  2 quokkas
  3 ball pythons (D:2)
  7 bats
  4 rats
348 creatures vanquished.

Vanquished Creatures (collateral kills)
  A hydra (Lair:4)
  A catoblepas (Lair:4)
  A yak (Lair:4)
  A wolf (Lair:5)
4 creatures vanquished.

Vanquished Creatures (others)
  A water moccasin (Lair:6)
  40 fungi
  62 plants
  5 withered plants (D:3)
108 creatures vanquished.

Grand Total: 460 creatures vanquished

Notes
Turn   | Place    | Note
-------+----------+-------------------------------------------
     0 | D:1      | pkoi the Troll Fighter began the quest for the Orb.
     0 | D:1      | Reached XP level 1. HP: 22/22 MP: 0/0
   234 | D:1      | Reached XP level 2. HP: 28/29 MP: 1/1
   480 | D:2      | Reached skill level 3 in Unarmed Combat
   609 | D:2      | Reached XP level 3. HP: 36/36 MP: 2/2
   740 | D:2      | Noticed a scorpion
   747 | D:2      | Killed a scorpion
   748 | D:2      | Reached skill level 4 in Unarmed Combat
   748 | D:2      | Reached XP level 4. HP: 35/44 MP: 3/3
   783 | D:2      | Found a sparkling altar of Nemelex Xobeh.
   783 | D:2      | Noticed Sigmund
   799 | D:2      | Killed Sigmund
   800 | D:2      | Reached skill level 5 in Unarmed Combat
   800 | D:2      | Reached XP level 5. HP: 22/50 MP: 4/4
   800 | D:2      | Reached XP level 6. HP: 26/59 MP: 5/5
   835 | D:2      | Became a worshipper of Nemelex Xobeh the Trickster
   865 | D:2      | Reached skill level 1 in Invocations
  1026 | D:2      | You fall into a shaft and drop 2 floors!
  1026 | D:4      | Found a bloodstained altar of Trog.
  1446 | D:3      | Found a blossoming altar of Fedhas.
  1449 | D:3      | Found a faded altar of an unknown god.
  1711 | D:3      | Found an ancient bone altar of Kikubaaqudgha.
  1830 | D:3      | Found a hide-covered altar of Uskayaw.
  1891 | D:3      | Noticed Robin
  1899 | D:3      | Reached XP level 7. HP: 66/66 MP: 7/7
  1900 | D:3      | Killed Robin
  2254 | D:3      | Found a runed translucent door.
  2255 | D:3      | Noticed Crazy Yiuf
  2259 | D:3      | Killed Crazy Yiuf
  2333 | D:4      | Reached skill level 6 in Unarmed Combat
  2341 | D:4      | Found a sparkling altar of Nemelex Xobeh.
  2408 | D:4      | Noticed Blork the orc
  2423 | D:4      | Killed Blork the orc
  2590 | D:5      | Entered Level 5 of the Dungeon
  2602 | D:5      | Reached * piety under Nemelex Xobeh
  2686 | D:5      | Reached skill level 5 in Shields
  2696 | D:5      | Reached XP level 8. HP: 65/74 MP: 9/9
  2792 | D:5      | Found Laig Yze's Gadget Gallery.
  3106 | D:5      | Reached skill level 7 in Unarmed Combat
  3721 | D:6      | Found a broken altar of Ashenzari.
  3855 | D:6      | Found a staircase to the Ecumenical Temple.
  3896 | D:6      | Found a stormy altar of Qazlal.
  4015 | D:6      | Received a gift from Nemelex Xobeh
  4396 | D:7      | Reached skill level 5 in Invocations
  4447 | D:7      | Found Jualymmo's Antique Armour Boutique.
  4484 | D:7      | Reached ** piety under Nemelex Xobeh
  4505 | D:7      | Reached XP level 9. HP: 80/80 MP: 11/11
  4596 | D:7      | Reached skill level 8 in Unarmed Combat
  5135 | D:8      | Found an ornate altar of the Wu Jian Council.
  5152 | D:8      | Received a gift from Nemelex Xobeh
  5197 | D:8      | Found a staircase to the Lair.
  5365 | D:8      | Paralysed by a hornet for 2 turns
  5591 | Lair:1   | Entered Level 1 of the Lair of Beasts
  5592 | Lair:1   | Received a gift from Nemelex Xobeh
  5625 | Lair:1   | Reached *** piety under Nemelex Xobeh
  5778 | Lair:1   | Reached skill level 9 in Unarmed Combat
  5882 | Lair:1   | Noticed a komodo dragon
  5886 | Lair:1   | Killed a komodo dragon
  5912 | Lair:1   | Reached XP level 10. HP: 84/88 MP: 12/14
  6026 | Lair:1   | Noticed a cane toad
  6030 | Lair:1   | Killed a cane toad
  6652 | Lair:2   | Reached skill level 10 in Unarmed Combat
  6729 | Lair:2   | Found a staircase to the Snake Pit.
  6791 | Lair:2   | Noticed a cane toad
  6823 | Lair:2   | Killed a cane toad
  6891 | Lair:2   | Reached XP level 11. HP: 93/94 MP: 16/16
  6913 | Lair:2   | Reached **** piety under Nemelex Xobeh
  7156 | Lair:2   | Received a gift from Nemelex Xobeh
  7645 | Lair:3   | Noticed a five-headed hydra
  7648 | Lair:3   | Killed a five-headed hydra
  7659 | Lair:3   | Reached skill level 11 in Unarmed Combat
  7848 | Lair:3   | Received a gift from Nemelex Xobeh
  7993 | Lair:3   | Reached ***** piety under Nemelex Xobeh
  8084 | Lair:3   | Received a gift from Nemelex Xobeh
  8744 | Lair:4   | Noticed a bog body
  8754 | Lair:4   | Killed a bog body
  8795 | Lair:4   | Found a staircase to the Swamp.
  8798 | Lair:4   | Noticed a bog body
  8805 | Lair:4   | Killed a bog body
  8871 | Lair:4   | Reached skill level 10 in Shields
  8871 | Lair:4   | Reached XP level 12. HP: 62/104 MP: 18/18
  8875 | Lair:4   | Reached skill level 10 in Invocations
  8979 | Lair:4   | Noticed Josephine
  8987 | Lair:4   | Killed Josephine
  8988 | Lair:4   | Reached skill level 12 in Unarmed Combat
  9046 | Lair:4   | Noticed a seven-headed hydra
  9051 | Lair:4   | Killed a seven-headed hydra
  9101 | Lair:4   | Noticed a four-headed hydra
  9104 | Lair:4   | Killed a four-headed hydra
  9303 | Lair:4   | Noticed a catoblepas
  9321 | Lair:4   | Killed a catoblepas
  9401 | Lair:4   | Noticed a four-headed hydra
  9412 | Lair:4   | Killed a four-headed hydra
  9497 | Lair:4   | Received a gift from Nemelex Xobeh
 10116 | Lair:5   | Noticed an eight-headed hydra
 10122 | Lair:5   | Killed an eight-headed hydra
 10195 | Lair:5   | Identified a scroll of acquirement
 10195 | Lair:5   | Acquired the ring "Umav" {rElec rPois rF+ MP+9}
 10282 | Lair:5   | Received a gift from Nemelex Xobeh
 10392 | Lair:5   | Reached skill level 13 in Unarmed Combat
 10521 | Lair:5   | Reached XP level 13. HP: 110/110 MP: 20/20
 10567 | Lair:5   | Found a staircase to the Slime Pits.
 10860 | Lair:6   | Entered Level 6 of the Lair of Beasts
 10871 | Lair:6   | HP: 4/110 [nine-headed hydra (5)]
 10871 | Lair:6   | HP: 1/110 [nine-headed hydra (3)]
 10871 | Lair:6   | Slain by a nine-headed hydra

Illustrated notes

Levels and vault maps discovered:
D:1:      amcnicky_arrival_feature_with_door, layout_basic
D:2:      layout_basic, basic_altar, grunt_ministairs_3, uniq_sigmund
D:3:      minmay_door_path, layout_loops_ring, lemuel_crystal_altar,
          mainiacjoe_overflow_alcove_2, kiku_gazebo_garden_becter,
          hellmonk_ecumenical_altar_pennies_from_heaven,
          minmay_misc_feat_four_crosses, uniq_robin, uniq_crazy_yiuf_cottage
D:4:      layout_basic, nemelex_xobeh_ov_fountains_minmay,
          trog_three_pillars_becter, uniq_blork_the_orc
D:5:      minmay_goblin_kobold_castle, layout_loops_ring, nicolae_shop_gadgets
D:6:      layout_basic, nicolae_qazlal_general_emergency,
          mainiacjoe_overflow_small_starburst, minmay_temple_entry_poolview
D:7:      layout_basic, serial_shops,
          nicolae_shop_temple_entry_statues_fountains
D:8:      layout_basic, overflow_temple_1_default, lair_entry_dummy
Lair:1:   layout_roguey, beast_lair_carwin_5, serial_bayou_shore_a
Lair:2:   layout_regular_city, guppyfry_snake_entry_garden,
          serial_bayou_shore_b, grunt_megastairs_3
Lair:3:   layout_gridlike, st_stairs_13, serial_bayou_lagoon_a,
          grunt_forest_small_clearings, roderic_carrion_pond
Lair:4:   layout_cellular_growth, skrybe_swamp_entry_bodies,
          minmay_shattered_shrine, uniq_josephine
Lair:5:   layout_concentric_octagons, slime_dummy, minivault_26,
          grunt_megastairs_5
Lair:6:   wormcave, layout_regular_city, hangedman_lair_caniforms_friends,
          grunt_megastairs_2, serial_bayou_shore_b, uniq_sonja

Skill      XL: |  1  2  3  4  5  6  7  8  9 10 11 12 |
---------------+-------------------------------------+-----
Unarmed Combat | 3 4 5 6 7 9 10 11 13 | 13.2
Shields        | 3 4 5 6 7 8 10 11 | 11.2
Invocations    | 1 3 5 6 8 9 11 | 11.4
Fighting       | |  2.4
Dodging        | |  2.4

Action                   |  1- 3 |  4- 6 |  7- 9 | 10-12 | 13-15 || total
-------------------------+-------+-------+-------+-------+-------++-------
Melee: Unarmed           |    64 |   109 |   409 |   496 |    39 ||  1117
Invok: Draw Destruction  |       |       |     3 |    37 |     2 ||    42
       Draw Escape       |       |       |       |     1 |       ||     1
       Draw Summoning    |       |       |       |     5 |     1 ||     6
  Use: Scroll            |       |     2 |    10 |     8 |       ||    20
 Stab: Sleeping          |       |     2 |       |       |       ||     2
       Distracted        |       |       |       |     1 |       ||     1
Armor: Robe              |    20 |    22 |       |       |       ||    42
       Quicksilver drago |       |    12 |   135 |   125 |    15 ||   287
Dodge: Dodged            |    17 |    21 |   102 |    97 |    12 ||   249
Block: Kite shield       |    22 |    43 |   210 |   272 |    24 ||   571
